 Dungeon Crawl Stone Soup version 0.31.0-11-ge490571c62 (webtiles) character file.

Game seed: 18418418840759024914

655 cdecastro the Ruffian (level 7, -13/52 HPs)
             Began as a Pale Draconian Shapeshifter on Feb 6, 2024.
             Was an Initiate of Gozag.
             Mangled by an ogre
             ... wielding a +0 giant spiked club
              (28 damage)
             ... on level 4 of the Dungeon.
             The game lasted 00:05:29 (4602 turns).

cdecastro the Ruffian (Pale Draconian Shapeshifter) Turns: 4602, Time: 00:05:31

Health: -13/52     AC:  6    Str: 17    XL:     7   Next: 29%
Magic:  7/7        EV: 12    Int: 10    God:    Gozag
Gold:   672        SH:  0    Dex: 12    Spells: 6/6 levels left

rFire   . .          .
                       - Unarmed
rCold   . . .        (no shield)
rNeg    . . .        (body armour unavailable)
rPois   .            (helmet currently unavailable)
rElec   .            (cloak currently unavailable)
rCorr   .            (gloves currently unavailable)
SInv    .            (boots currently unavailable)
Will    +....        e - amulet of magic regeneration
Stlth   +            q - ring of willpower
HPRegen 0.28/turn    (no ring)
MPRegen 0.50/turn

%: no passive effects
@: lethally poisoned (-13 -> -19), beast-form, gold aura
A: beast (slay +2), breathe steam, AC +6, unfitting armour, cold-blooded, steam
resistance
a: Breathe Steam, Begin Untransformation, Renounce Religion, Potion Petition,
Call Merchant, Bribe Branch


You were on level 4 of the Dungeon.
You worshipped Gozag.
Gozag was pleased with you.
You were a hulking beast.
You visited 1 branch of the dungeon, and saw 4 of its levels.

You collected 718 gold pieces.
You paid 46 gold pieces to Gozag.

Inventory:

Armour
 h - a +0 cloak
 x - a +0 cloak
Jewellery
 e - an amulet of magic regeneration (around neck)
 q - a ring of willpower (left hand)
Talismans
 b - a beast talisman
 c - a flux talisman
Scrolls
 d - 7 scrolls of identify {unknown}
 i - a scroll of butterflies {unknown}
 j - a scroll of noise {unknown}
 k - 2 scrolls of poison {unknown}
 n - 2 scrolls of fog {unknown}
 o - a scroll of revelation {unknown}
 t - a scroll of amnesia {unknown}
 v - 3 scrolls of teleportation {unknown}
Potions
 a - a potion of lignification
 f - a potion of attraction {unknown}
 g - a potion of degeneration {unknown}
 l - a potion of magic {unknown}
 m - 3 potions of curing {unknown}
 p - a potion of brilliance {unknown}
 r - a potion of enlightenment {unknown}
 s - a potion of ambrosia {unknown}
 u - a potion of haste {unknown}
 w - a potion of cancellation {unknown}


   Skills:
 - Level 1.1 Fighting
 - Level 1.7 Dodging
 * Level 7.2 Unarmed Combat
 + Level 5.1 Shapeshifting


You had 6 spell levels left.
You didn't know any spells.
Your spell library contained the following spells:

 Spells                   Type           Power      Damage    Failure   Level
 Foxfire                  Conj/Fire      0%         2x1d4     36%         1
 Magic Dart               Conj           0%         1d3       36%         1
 Searing Ray              Conj           0%         2d4       50%         2
 Tukima's Dance           Hex            0%         N/A       75%         3
 Dimensional Bullseye     Hex/Tloc       0%         N/A       98%         4
 Fulminant Prism          Conj/Alch      0%         3d5       98%         4
 Iskenderun's Mystic Bla  Conj/Tloc      0%         2d3       98%         4
 Plasma Beam              Fire/Air       0%         2x1d10    100%        6
 Starburst                Conj/Fire      0%         6d3       100%        6


Dungeon Overview and Level Annotations

Branches:
Dungeon (4/15)
 Temple: D:4-7

Altars:
Gozag
Trog
Xom
Yredelemnul
The Shining One


Innate Abilities, Weirdness & Mutations

You are a hulking beast.
Your limbs bulge with bestial killing power. (Slay +2)
You can breathe blasts of scalding, opaque steam.
Your pale cyan-grey scales are hard. (AC +6)
You cannot fit into any form of body armour.
You are cold-blooded and may be slowed by cold attacks.
You are immune to the effects of steam.


Message History

The bullfrog hits you but does no damage.
The bullfrog hits you.
You barely miss the bullfrog.
The bullfrog is heavily wounded.
The bullfrog hits you.
You closely miss the bullfrog.
The bullfrog is heavily wounded.
The bullfrog hits you.
* * * LOW HITPOINT WARNING * * *
You punch the bullfrog!
The bullfrog is almost dead.
The bullfrog closely misses you.
You hit the bullfrog.
You kill the bullfrog!
The quokka twitches its whiskers.
You punch the quokka!
You kill the quokka!
The kobold throws a poisoned dart.
The poisoned dart hits you!
You are poisoned.
You feel sick.
The kobold throws a poisoned dart.
The poisoned dart hits you!
You are more poisoned.
You see here 15 gold pieces.
You feel very sick.
The kobold is distracted by your dazzling golden aura.
The kobold shouts!
You hit the kobold.
The kobold is no longer distracted by gold.
The kobold is heavily wounded.
You feel very sick. The kobold hits you but does no damage.
You hit the kobold.
You kill the kobold!
You feel sick.
You hit the ogre.
The ogre is lightly wounded.
You feel sick.
The ogre hits you with a +0 giant spiked club!!
Ouch! That really hurt!
You die...
Your body crumbles into a pile of gold.

######...#########
#######.## ..#.##..#
###..#.## ##....###
##..##...# #..#####.##
..######..################
#............))Oh$.......#
#..#...##.....######+#####
...#.#.....##.#...#...#[)
.#...#..##.[..'..O'....?(
.#............#...#...#)|
################### ###


You could see an ogre.

Vanquished Creatures
  A black bear (D:4)
  A phantom (D:4)
  A bullfrog (D:4)
  A scorpion (D:4)
  A gnoll sergeant (D:4)
  2 jellies (D:4)
  A hound (D:4)
  An orc wizard (D:4)
  8 adders
  4 dart slugs
  4 ribbon worms
  3 orcs (D:4)
  10 ball pythons
  5 bats
  8 endoplasms
  3 giant cockroaches
  10 goblins
  7 hobgoblins
  11 jackals
  10 kobolds
  6 quokkas
  4 frilled lizards
  6 rats
108 creatures vanquished.

Vanquished Creatures (others)
  An endoplasm (D:4)
1 creature vanquished.

Grand Total: 109 creatures vanquished

Notes
Turn   | Place    | Note
-------+----------+-------------------------------------------
     0 | D:1      | cdecastro the Draconian Shapeshifter began the quest for
                  | the Orb.
     0 | D:1      | Reached XP level 1. HP: 16/16 MP: 1/1
   172 | D:1      | Reached XP level 2. HP: 22/23 MP: 2/2
   634 | D:1      | Reached XP level 3. HP: 28/28 MP: 3/3
   863 | D:2      | Reached skill level 4 in Unarmed Combat
   895 | D:2      | Found an opulent altar of Gozag.
   944 | D:2      | Became a worshipper of Gozag Ym Sagoz the Greedy
  1238 | D:2      | Reached XP level 4. HP: 32/35 MP: 4/4
  1584 | D:2      | Found a faded altar of an unknown god.
  2058 | D:3      | Found a bloodstained altar of Trog.
  2529 | D:3      | Reached skill level 5 in Unarmed Combat
  3034 | D:4      | Noticed a phantom
  3036 | D:4      | Reached XP level 5. HP: 36/40 MP: 5/5
  3160 | D:4      | Noticed a black bear
  3168 | D:4      | Killed a black bear
  3322 | D:4      | Reached XP level 6. HP: 25/47 MP: 6/6
  3431 | D:4      | Reached skill level 6 in Unarmed Combat
  3779 | D:4      | Found a shimmering altar of Xom.
  3992 | D:4      | Found a basalt altar of Yredelemnul.
  3994 | D:4      | Noticed a profane servitor
  3999 | D:4      | Found a glowing golden altar of the Shining One.
  4001 | D:4      | Noticed an angel
  4436 | D:4      | Your scales start taking on a pale cyan-grey colour.
  4436 | D:4      | Reached XP level 7. HP: 24/52 MP: 7/7
  4436 | D:4      | Gained mutation: You are immune to the effects of steam.
                  | [Pale Draconian growth]
  4539 | D:4      | Reached skill level 7 in Unarmed Combat
  4539 | D:4      | Reached skill level 5 in Shapeshifting
  4602 | D:4      | Mangled by an ogre

Illustrated notes

Levels and vault maps discovered:
D:1:      minmay_arrival_widening_spiral_wide, layout_loops_cross,
          minmay_misc_feat_square
D:2:      layout_loops_corners, shapermc_ecumenical_altar_venn, basic_altar,
          grunt_ministairs_4, minmay_snake_closets
D:3:      layout_loops_ring, mainiacjoe_overflow_six_doors_small,
          serial_co_window_serial, co_window_paths_a, co_window_corner_a,
          co_window_paths_a, co_window_of_opportunity_a, co_window_cross_1,
          co_window_paths_a, co_window_unsneaky_path_a, co_window_2corner,
          co_window_corner_b, co_window_broadway_c, co_window_broadway_a,
          co_window_4corner_b, glass_columns_c, glass_columns_a, glass_columns_b
D:4:      minmay_thinvault, layout_loops_ring, marbit_many_paths,
          grunt_temple_overflow_holy_war

Skill      XL: |  1  2  3  4  5  6  7 |
---------------+----------------------+-----
Unarmed Combat | 4 5 6 7 |  7.2
Shapeshifting  | 4 5 |  5.1
Fighting       | |  1.1
Dodging        | |  1.7

Action                     |  1- 3 |  4- 6 |  7- 9 || total
---------------------------+-------+-------+-------++-------
  Melee: Unarmed           |   106 |   158 |    21 ||   285
         Tailslap          |     7 |    21 |     1 ||    29
         Punch             |       |     4 |       ||     4
   Stab: Sleeping          |     4 |       |       ||     4
         Distracted        |       |     1 |       ||     1
 Armour: Skin              |    38 |    89 |    19 ||   146
  Dodge: Dodged            |    75 |    74 |     9 ||   158
